 Dungeon Crawl Stone Soup version 0.31.0-11-ge490571c62 (webtiles) character file.

Game seed: 1790614571318878179

609 qw the Shooter (level 7, 0/35 HPs)
             Began as a Spriggan Hunter on Feb 5, 2024.
             Succumbed to a scorpion's poison
             ... on level 5 of the Dungeon.
             The game lasted 00:01:11 (3200 turns).

qw the Shooter (Spriggan Hunter)                    Turns: 3200, Time: 00:01:12

Health: 0/35       AC:  4    Str:  7    XL:     7   Next: 19%
Magic:  8/8        EV: 22    Int: 11    God:
Gold:   203        SH:  0    Dex: 20    Spells: 6/6 levels left

rFire   + . .        a - +0 shortbow
rCold   . . .        (shield currently unavailable)
rNeg    . . .        c - +0 robe
rPois   .            (helmet restricted)
rElec   .            (no cloak)
rCorr   .            (gloves unavailable)
SInv    +            (boots unavailable)
Will    ++...        (no amulet)
Stlth   ++           i - ring of protection from fire
HPRegen 0.25/turn    (no ring)
MPRegen 0.11/turn

%: no passive effects
@: lethally poisoned (0 -> -2), very quick
A: very small, no large weapons, unfitting armour, see invisible, speed 3,
iridescent scales 1, strong-willed 1, screaming 1
a: no special abilities


You were on level 5 of the Dungeon.
You visited 1 branch of the dungeon, and saw 5 of its levels.

You collected 203 gold pieces.


Innate Abilities, Weirdness & Mutations

You are very small and have problems with some larger weapons.
You are too small for most types of armour.
You have supernaturally acute eyesight. (SInv)
You cover ground extremely quickly. (Speed+++)
You are partially covered in iridescent scales. (AC +2)
You are strong-willed. (Will+)
You occasionally shout uncontrollably at your foes.


   Skills:
 - Level 2.6 Fighting
 + Level 6.9 Ranged Weapons
 - Level 6.6 Dodging
 - Level 1.5 Stealth


You had 6 spell levels left.
You didn't know any spells.
Your spell library was empty.

Inventory:

Hand Weapons
 a - a +0 shortbow (weapon)
Armour
 c - a +0 robe (worn)
Jewellery
 d - an amulet of guardian spirit
 i - a ring of protection from fire (left hand)
Wands
 b - a wand of charming (2)
Potions
 e - a potion of mutation
 h - a potion of enlightenment {unknown}

Dungeon Overview and Level Annotations

Branches:
Dungeon (5/15)
 Temple: D:4-7

Altars:
Fedhas
Nemelex Xobeh

Shops:
D:3 =

Annotations:
D:4 2 transporters, qw's ghost, weakling SpHu


Message History

The scorpion poisons you! The scorpion misses you.
You shoot an arrow.
The arrow hits the scorpion but does no damage.
The scorpion is severely wounded.
You feel sick. The scorpion closely misses you.
You shoot an arrow. The arrow barely misses the scorpion.
You feel sick. The scorpion stings you.
You are more poisoned.
The scorpion poisons you!
You shoot an arrow. The arrow barely misses the scorpion.
You feel very sick. The scorpion barely misses you.
You shoot an arrow.
The arrow hits the scorpion but does no damage.
The scorpion is severely wounded.
You feel very sick. The scorpion barely misses you. The scorpion stings you.
You are lethally poisoned!
The scorpion poisons you!
You shoot an arrow. The arrow hits the scorpion!
You kill the scorpion!
You feel very sick.
There is a lethal amount of poison in your body!
You feel very sick.
There is a lethal amount of poison in your body!
You feel sick.
There is a lethal amount of poison in your body!
You feel sick.
There is a lethal amount of poison in your body!
You feel sick.
There is a lethal amount of poison in your body!
You feel sick.
There is a lethal amount of poison in your body!
You feel sick.
There is a lethal amount of poison in your body!
You feel sick.
There is a lethal amount of poison in your body!
You feel sick.
There is a lethal amount of poison in your body!
You die...

.. .# #
.#/# #
.#.#.
..<.
##/.#####
#%.......
#@# ##.#
#..# #.##
#.# ##.#
## #..#
.###
##.##
...# #..#


There were no monsters in sight!

Vanquished Creatures
  Edmund (D:4)
  An ogre (D:4)
  3 scorpions
  A hound (D:4)
  3 iguanas
  Ijyb (D:3)
  4 adders
  A white imp (D:5)
  2 ufetubi (D:5)
  3 ribbon worms (D:4)
  3 orcs
  3 bats
  An endoplasm (D:1)
  3 giant cockroaches
  3 goblins
  4 hobgoblins
  3 quokkas
  9 ball pythons
  2 frilled lizards
  9 kobolds
  2 rats (D:3)
62 creatures vanquished.

Notes
Turn   | Place    | Note
-------+----------+-------------------------------------------
     0 | D:1      | qw the Spriggan Hunter began the quest for the Orb.
     0 | D:1      | Reached XP level 1. HP: 10/10 MP: 2/2
     0 | D:1      | 0 ||| qw: Version: 0.3-a-160-g6735b56
     0 | D:1      | 0 ||| qw: Game counter: 6490
     0 | D:1      | 0 ||| qw: Melee chars always use a shield: true
     0 | D:1      | 0 ||| qw: God list: Okawaru
     0 | D:1      | 0 ||| qw: Allow faded altars: false
     0 | D:1      | 0 ||| qw: Do Orc after clearing Dungeon:15 true
     0 | D:1      | 0 ||| qw: Do second Lair branch before Depths: true
     0 | D:1      | 0 ||| qw: Lair rune preference: random
     0 | D:1      | 0 ||| qw: Goals: Normal
     0 | D:1      | 0 ||| PLANNING D:1-11
    41 | D:1      | Reached skill level 3 in Dodging
   279 | D:1      | Reached XP level 2. HP: 14/14 MP: 3/3
   564 | D:1      | 564 ||| READING scroll labelled VEDE KIWOXASIRPH.
   567 | D:1      | 567 ||| READING scroll labelled ECKUIG WAOT.
   567 | D:1      | 567 ||| IDENTIFYING fizzy emerald potion
   568 | D:1      | 568 ||| DROPPING scroll of butterflies.
   569 | D:1      | 569 ||| DROPPING potion of brilliance.
   897 | D:2      | Reached XP level 3. HP: 18/18 MP: 4/4
  1150 | D:2      | 1150 ||| READING scroll labelled XITHE HEOSURRA.
  1151 | D:2      | 1151 ||| DRINKING 2 bubbling inky potions.
  1151 | D:2      | Gained mutation: You occasionally shout uncontrollably at
                  | your foes. [potion of mutation]
  1151 | D:2      | Gained mutation: You are partially covered in iridescent
                  | scales. (AC +2) [potion of mutation]
  1151 | D:2      | Gained mutation: You are strong-willed. (Will+) [potion of
                  | mutation]
  1152 | D:2      | 1152 ||| DRINKING 2 gluggy clear potions.
  1187 | D:2      | 1187 ||| DROPPING potion of lignification.
  1241 | D:3      | HP: 4/18 [poisoned by an adder]
  1317 | D:3      | Noticed Ijyb
  1333 | D:3      | HP: 2/18 [Ijyb/+0 dagger (5)]
  1334 | D:3      | 1334 ||| READING scroll of teleportation.
  1343 | D:3      | HP: 2/18 [rat (2)]
  1632 | D:3      | Killed Ijyb
  1633 | D:3      | Reached XP level 4. HP: 11/22 MP: 5/5
  1700 | D:3      | Found Luesoc's One-of-a-Kind Rings.
  1704 | D:3      | 1704 ||| SHOPLISTING +3 ring of evasion (130 gold, have
                  | 109).
  1704 | D:3      | 1704 ||| SHOPLISTING +3 ring of slaying (585 gold, have
                  | 109).
  1704 | D:3      | 1704 ||| SHOPLISTING +7 ring of protection (1345 gold, have
                  | 109).
  1704 | D:3      | 1704 ||| SHOPLISTING +7 ring of strength (585 gold, have
                  | 109).
  1704 | D:3      | 1704 ||| SHOPLISTING ring "Kaugycs" {Wiz +Blink rPois Str+4
                  | SInv} (790 gold, have 109).
  1704 | D:3      | 1704 ||| SHOPLISTING ring of Fuonuogit {^Drain rF- rCorr
                  | Dex+10 Stlth+} (496 gold, have 109).
  1895 | D:3      | 1895 ||| UPGRADING to ring of protection from fire.
  1896 | D:3      | 1896 ||| READING 2 scrolls of identify.
  1896 | D:3      | 1896 ||| IDENTIFYING golden potion
  1897 | D:3      | 1897 ||| READING scroll of identify.
  1897 | D:3      | 1897 ||| IDENTIFYING fizzy pink potion
  1898 | D:3      | 1898 ||| READING scroll labelled SAIT BUEGALEW.
  1899 | D:3      | 1899 ||| DRINKING 2 murky coppery potions.
  1900 | D:3      | 1900 ||| DROPPING potion of attraction.
  1901 | D:3      | 1901 ||| DROPPING potion of berserk rage.
  1902 | D:3      | 1902 ||| DROPPING potion of magic.
  1924 | D:4      | 1924 ||| STAIRDANCE
  1928 | D:4      | 1928 ||| STAIRDANCE
  1952 | D:4      | Found a transporter.
  1952 | D:4      | Identified the +1 dire flail of Wiulud {flame, rC+++ rCorr
                  | Str-3 Dex-5}
  1952 | D:4      | Noticed an ogre
  1954 | D:4      | Noticed qw's ghost (weakling SpHu)
  1992 | D:4      | Found a blossoming altar of Fedhas.
  2170 | D:4      | Noticed a scorpion
  2175 | D:4      | 2175 ||| ZAPPING wand of iceblast (5) at -4,3 (scorpion;
                  | floor).
  2175 | D:4      | Killed a scorpion
  2176 | D:4      | Reached XP level 5. HP: 27/27 MP: 6/6
  2452 | D:4      | Found a sparkling altar of Nemelex Xobeh.
  2460 | D:4      | HP: 2/27 [iguana (11)]
  2590 | D:4      | Noticed an ogre
  2591 | D:4      | 2591 ||| ZAPPING wand of iceblast (4) at -1,-3 (ogre;
                  | floor).
  2592 | D:4      | 2592 ||| ZAPPING wand of iceblast (3) at -1,-2 (ogre;
                  | floor).
  2595 | D:4      | Killed an ogre
  2596 | D:4      | Reached skill level 6 in Ranged Weapons
  2596 | D:4      | Reached XP level 6. HP: 32/32 MP: 7/7
  2713 | D:4      | Noticed Edmund
  2715 | D:4      | 2715 ||| ZAPPING wand of iceblast (2) at 2,-5 (Edmund;
                  | floor).
  2716 | D:4      | 2716 ||| ZAPPING wand of iceblast (1) at 1,-3 (floor).
  2724 | D:4      | Killed Edmund
  2725 | D:4      | Reached skill level 6 in Dodging
  2818 | D:4      | Found a transporter.
  2939 | D:4      | 2939 ||| READING scroll labelled TAOXZICWUG.
  2939 | D:4      | 2939 ||| ENCHANTING +0 shortbow.
  2976 | D:5      | Entered Level 5 of the Dungeon
  3068 | D:5      | 3068 ||| FLEEEEING.
  3070 | D:5      | 3070 ||| FLEEEEING.
  3079 | D:5      | Reached XP level 7. HP: 30/35 MP: 8/8
  3193 | D:5      | HP: 7/35 [poisoned by a scorpion]
  3196 | D:5      | HP: 3/35 [poisoned by a scorpion]
  3199 | D:5      | HP: 1/35 [poisoned by a scorpion]
  3200 | D:5      | Succumbed to a scorpion's poison

Levels and vault maps discovered:
D:1:      scummos_arrival_forest, layout_loops_ring
D:2:      layout_loops_ring, hex_medium
D:3:      layout_rooms, nicolae_shop_unique_rings, minivault_27, uniq_ijyb
D:4:      layout_loops_ring, mainiacjoe_overflow_24_doors, fedhas_altar_1,
          gammafunk_ghost_smash, grunt_ministairs_8, minmay_misc_feat_tiny,
          minmay_misc_feat_diagonals, chequers_serial_rivers_micro_b,
          saegor_snake_ambush, uniq_edmund
D:5:      layout_basic, dk_noncrumbling_4, uniq_grinder

Skill      XL: |  1  2  3  4  5  6 |
---------------+-------------------+-----
Dodging        | 3 4 5 6 |  6.6
Ranged Weapons | 5 6 |  6.9
Fighting       | 2 |  2.6
Stealth        | |  1.5

Action                     |  1- 3 |  4- 6 |  7- 9 || total
---------------------------+-------+-------+-------++-------
   Fire: Shortbow          |   127 |   111 |    30 ||   268
  Evoke: Wand              |       |     5 |       ||     5
    Use: Scroll            |     4 |     4 |       ||     8
         Potion            |     2 |     1 |       ||     3
 Armour: Robe              |    25 |    23 |     4 ||    52
  Dodge: Dodged            |    41 |    52 |    24 ||   117

Table legend:
 A = Non-vault XP
 B = Vault XP
 C = Vault XP percentage of total XP
 D = Non-vault monster count
 E = Vault monster count
 F = Vault count percentage of total count
                 A         B        C        D         E       F
            +---------+---------+-------+---------+---------+-------
      Total |     663 |     208 |  23.9 |      54 |       8 |  12.9
            +---------+---------+-------+---------+---------+-------
        D:1 |      23 |       0 |   0.0 |      14 |       0 |   0.0
        D:2 |      19 |       0 |   0.0 |       5 |       0 |   0.0
        D:3 |      44 |      37 |  45.7 |      12 |       2 |  14.3
        D:4 |     349 |     171 |  32.9 |      17 |       6 |  26.1
        D:5 |     228 |       0 |   0.0 |       6 |       0 |   0.0
            +---------+---------+-------+---------+---------+-------
